 Dungeon Crawl Stone Soup version 0.25-a0-290-g4a1327ee3a (webtiles) character file.

Game seed: 18220189297378550042, levelgen mode: deterministic

227 septik the Sneak (level 6, -2/41 HPs)
             Began as an Octopode Assassin on Dec 14, 2019.
             Was a Follower of Okawaru.
             Slain by a sky beast (6 damage)
             ... on level 3 of the Dungeon.
             The game lasted 00:20:19 (1945 turns).

septik the Sneak (Octopode Assassin)                Turns: 1945, Time: 00:20:20

Health: -2/41      AC:  1    Str: 11    XL:     6   Next: 2%
Magic:  6/6        EV: 13    Int: 14    God:    Okawaru [*.....]
Gold:   92         SH:  0    Dex: 14    Spells: 5/5 levels left

rFire    . . .     SeeInvis .   t - +0 falchion
rCold    . . .     Gourm    +   (no shield)
rNeg     . . .     Faith    .   (helmet restricted)
rPois    .         Spirit   .   e - amulet of the gourmand
rElec    .         Reflect  .   (no ring)
rCorr    .         Harm     .   (no ring)
MR       .....                  (no ring)
Stlth    +++++.....             (no ring)
HPRegen  0.13/turn              (no ring)
MPRegen  0.10/turn              (no ring)
                                (no ring)
                                (no ring)

@: no status effects
A: almost no armour, stealthy swim, amphibious, 8 rings, constrict 8, camouflage
1, gelatinous body 1
a: Heroism, Renounce Religion


You were on level 3 of the Dungeon.
You worshipped Okawaru.
Okawaru was aware of your devotion.
You were completely stuffed.

You visited 1 branch of the dungeon, and saw 3 of its levels.

You collected 92 gold pieces.

Inventory:

Hand Weapons
 a - a +2 dagger
 t - a +0 falchion (weapon)
 u - a +0 dagger of venom
Missiles
 b - 40 poisoned darts (quivered)
 c - 2 curare-tipped darts
 g - a throwing net
 i - 22 stones
Jewellery
 e - an amulet of the gourmand (around mantle)
Wands
 s - a wand of scattershot (7)
Scrolls
 f - 2 scrolls of teleportation {unknown}
 l - a scroll of identify {unknown}
 n - 3 scrolls of magic mapping {unknown}
 p - a scroll of amnesia {unknown}
 q - a scroll of immolation {unknown}
 r - a scroll of random uselessness {unknown}
Potions
 o - a potion of degeneration {unknown}
Comestibles
 d - 4 rations
 h - 6 chunks of flesh


   Skills:
 + Level 2.6 Fighting
 * Level 4.0 Short Blades
 - Level 2.0 Throwing
 + Level 1.6 Dodging
 + Level 7.5 Stealth


You had 5 spell levels left.
You didn't know any spells.
Your spell library was empty.

Dungeon Overview and Level Annotations

Branches:
Dungeon (3/15)

Altars:
Okawaru


Innate Abilities, Weirdness & Mutations

You cannot wear most types of armour.
You are very stealthy in the water. (Stealth+)
You are amphibious.
You can wear up to eight rings at the same time.
You can use your tentacles to constrict eight enemies at once.
Your skin changes colour to match your surroundings (Stealth+).
Your rubbery body absorbs attacks. (AC +1, EV +1)


Message History

The sky beast closely misses you.
You closely miss the sky beast. Your squeeze misses the sky beast.
The sky beast is lightly wounded.
The sky beast hits you. The sky beast shocks you.
You hit the sky beast but do no damage.
The sky beast is lightly wounded.
The sky beast hits you. The sky beast shocks you. The sky beast hits you.
The sky beast shocks you.
You closely miss the sky beast. You squeeze the sky beast!
The sky beast is moderately wounded.
The sky beast hits you.
* * * LOW HITPOINT WARNING * * *
The sky beast shocks you.
* * * LOW HITPOINT WARNING * * *
You hit the sky beast.
The sky beast is heavily wounded.
The sky beast hits you.
* * * LOW HITPOINT WARNING * * *
The sky beast shocks you.
You die...

#.##### #.#######
#...... ##...#.%.##
#..... #.........##
.##..... ...........#
..#..... ...........#
#.#..... ##........b#
#.#.....
.......(..#######.#.....
.(....Y@....$......#####
.#.##########......#####
#.>............
#...#####.....### ...#
#..###.... ## #...##
##### ...## # #.## #


You could see a sky beast and a bat (sleeping).

Vanquished Creatures
  An orc warrior (D:2)
  An orc wizard (D:3)
  2 adders
  2 oozes
  4 worms (D:2)
  4 dart slugs
  2 leopard geckos (D:1)
  3 orcs
  5 giant cockroaches
  8 goblins
  2 hobgoblins (D:1)
  9 jackals
  A ball python (D:1)
  6 bats
  2 frilled lizards
  2 kobolds (D:1)
  9 rats
63 creatures vanquished.

Notes
Turn   | Place    | Note
-------+----------+-------------------------------------------
     0 | D:1      | septik the Octopode Assassin began the quest for the Orb.
     0 | D:1      | Reached XP level 1. HP: 14/14 MP: 1/1
   105 | D:1      | Reached XP level 2. HP: 19/19 MP: 2/2
   312 | D:1      | Reached skill level 6 in Stealth
   312 | D:1      | Reached XP level 3. HP: 8/24 MP: 3/3
  1046 | D:2      | Reached XP level 4. HP: 27/29 MP: 4/4
  1199 | D:2      | Found an iron altar of Okawaru.
  1218 | D:2      | Became a worshipper of Warmaster Okawaru
  1577 | D:3      | Noticed an orc warrior
  1607 | D:2      | Killed an orc warrior
  1607 | D:2      | Reached * piety under Okawaru
  1607 | D:2      | Reached skill level 7 in Stealth
  1607 | D:2      | Reached XP level 5. HP: 29/35 MP: 5/5
  1881 | D:3      | Reached XP level 6. HP: 30/41 MP: 6/6
  1936 | D:3      | Noticed a sky beast
  1945 | D:3      | Slain by a sky beast

Levels and vault maps discovered:
D:1:      minmay_arrival_widening_spiral_wide, layout_rooms
D:2:      layout_loops_ring, okawaru_ov_weapons_minmay
D:3:      layout_rooms, minmay_misc_feat_cross, hangedman_decor_lopped,
          minmay_between

Skill      XL: |  1  2  3  4  5 |
---------------+----------------+-----
Stealth        | 6 7 |  7.5
Short Blades   | 3 4 |  4.0
Fighting       | |  2.6
Throwing       | |  2.0
Dodging        | |  1.6

Action                   |  1- 3 |  4- 6 || total
-------------------------+-------+-------++-------
Melee: Dagger            |    73 |    15 ||    88
       Constrict         |    15 |    14 ||    29
       Tentacles         |    10 |    17 ||    27
       Falchion          |       |    51 ||    51
  Use: Potion            |       |     4 ||     4
 Stab: Sleeping          |    12 |    10 ||    22
  Eat: Chunk             |       |    19 ||    19
Armor: Skin              |     7 |    11 ||    18
Dodge: Dodged            |    25 |    35 ||    60
       Rpst.: Falchion   |       |     6 ||     6

Table legend:
 A = Non-vault XP
 B = Vault XP
 C = Vault XP percentage of total XP
 D = Non-vault monster count
 E = Vault monster count
 F = Vault count percentage of total count
                 A         B        C        D         E       F
            +---------+---------+-------+---------+---------+-------
      Total |     325 |       0 |   0.0 |      63 |       0 |   0.0
            +---------+---------+-------+---------+---------+-------
        D:1 |      52 |       0 |   0.0 |      23 |       0 |   0.0
        D:2 |     209 |       0 |   0.0 |      30 |       0 |   0.0
        D:3 |      64 |       0 |   0.0 |      10 |       0 |   0.0
            +---------+---------+-------+---------+---------+-------
